 Dungeon Crawl Stone Soup version 0.18-a0-738-g888b110 (webtiles) character file.

122 Mindmaker the Vexing (level 4, 21/21 HPs)
             Began as a Spriggan Enchanter on Dec 11, 2015.
             Quit the game on level 3 of the Dungeon.
             The game lasted 00:07:23 (2005 turns).

Mindmaker the Vexing (Spriggan Enchanter)           Turns: 2005, Time: 00:07:23

Health: 21/21      AC:  3    Str:  4    XL:     4   Next: 78%
Magic:  9/9        EV: 18    Int: 16    God:
Gold:   81         SH:  0    Dex: 17    Spells: 3 memorised, 2 levels left

rFire  . . .     SeeInvis +     j - +0 short sword (speed)
rCold  . . .     Clarity  .     b - +1 robe
rNeg   . . .     SustAt   .     (shield restricted)
rPois  .         Gourm    .     (helmet restricted)
rElec  .         Spirit   .     (no cloak)
rCorr  .         Dismiss  .     (gloves unavailable)
rMut   .         Stasis   .     (boots unavailable)
MR     .....                    (no amulet)
Stlth  +++.......               (no ring)
                                (no ring)

@: very quick, not resistant to hostile enchantments, fairly stealthy
A: unfitting armour, see invisible, herbivore 3, speed 3, slow metabolism 2
a: no special abilities


You were on level 3 of the Dungeon.
You were not hungry.

You visited 1 branch of the dungeon, and saw 3 of its levels.

You collected 81 gold pieces.

Inventory:

Hand Weapons
 j - a +0 short sword of speed (weapon)
Armour
 b - a +1 robe (worn)
Wands
 l - a wand of confusion (34)
Scrolls
 e - 2 scrolls of teleportation {unknown}
 f - 4 scrolls of identify {unknown}
 g - 2 scrolls of remove curse {unknown}
 h - 2 scrolls of enchant weapon {unknown}
 n - a scroll of amnesia {unknown}
 p - a scroll of magic mapping {unknown}
Potions
 a - a potion of heal wounds
 i - a potion of haste {unknown}
 k - a potion of experience {unknown}
 m - a potion of lignification {unknown}
 q - a potion of poison {unknown}
Books
 c - a book of Maledictions

   Spells                             Type                      Level
   a - Corona                         Hexes                        1
   b - Ensorcelled Hibernation        Hexes/Ice                    2
   c - Confuse                        Hexes                        3
   d - Tukima's Dance                 Hexes                        3
   e - Dazzling Spray                 Conjuration/Hexes            3
Comestibles
 d - 2 bread rations
 o - a slice of pizza


   Skills:
 - Level 2.6 Short Blades
 - Level 3.0 Dodging
 - Level 5.2 Stealth
 - Level 2.6 Spellcasting
 + Level 5.7 Hexes


You had 2 spell levels left.
You knew the following spells:

 Your Spells              Type           Power        Failure   Level  Hunger
a - Corona                Hex            ###....      1%          1    #......
b - Ensorcelled Hibernat  Hex/Ice        ##....       10%         2    ##.....
c - Dazzling Spray        Conj/Hex       ##......     17%         3    ###....


Dungeon Overview and Level Annotations

Branches:
Dungeon (3/15)

Altars:

Annotations:
D:3 P0WERM0DE's ghost, weakling DsCK


Innate Abilities, Weirdness & Mutations

You are tiny and cannot use many weapons and most armour.
You have supernaturally acute eyesight.
You are a herbivore.
You cover ground extremely quickly.
You need consume almost no food.


Message History

It was a potion of heal wounds.
You feel much better.
You feel sick.
You see here a scorpion corpse.
You start resting.
You feel sick. x2
You are no longer poisoned.
You start resting.
Magic restored.
You see here a scorpion corpse.
You see here a kobold corpse.
Found 22 sling bullets.
You now have 81 gold pieces (gained 19).
You see here 2 poisoned needles.
Things that are here:
an uncursed dagger; an uncursed blowgun; 7 poisoned needles Quiver which item? (- for none, * to show all) (? for menu, Esc to quit)
You don't have any such object.
Quiver which item? (- for none, * to show all) (? for menu, Esc to quit)
Okay, then.
Are you sure you want to abandon this character and quit the game? (Confirm with "yes".)

#.<.........[##
#.........##... ..
#......<..##... ######..#
.....#.......# ....#....
.......####### #........
.....<.### ##### ........s
#####....#####...#
#........
##......##...#####.....#..
#####(.....@.............
#####.....###........
..>.......##.....#..
#########.........%.
#..##.#..... #.## ...###.
#.# ..... #.# ..#### #..#
..#


There were no monsters in sight!

Vanquished Creatures
  A scorpion (D:3)
  4 adders (D:2)
  2 worms (D:2)
  A giant gecko (D:2)
  A bat (D:1)
  6 hobgoblins
  2 jackals (D:1)
  8 kobolds
  A quokka (D:2)
  A giant cockroach (D:1)
  5 giant newts
  4 goblins
  5 rats
41 creatures vanquished.

Vanquished Creatures (others)
  5 toadstools (D:1)
5 creatures vanquished.

Grand Total: 46 creatures vanquished

Notes
Turn   | Place    | Note
--------------------------------------------------------------
     0 | D:1      | Mindmaker the Spriggan Enchanter began the quest for the Orb.
     0 | D:1      | Reached XP level 1. HP: 9/9 MP: 5/5
   381 | D:1      | Reached skill level 5 in Stealth
   505 | D:1      | Reached XP level 2. HP: 13/13 MP: 6/6
  1121 | D:2      | Reached XP level 3. HP: 16/16 MP: 8/8
  1160 | D:1      | Learned a level 2 spell: Ensorcelled Hibernation
  1164 | D:1      | Learned a level 3 spell: Dazzling Spray
  1613 | D:2      | Reached XP level 4. HP: 21/21 MP: 2/9
  1760 | D:3      | Noticed P0WERM0DE's ghost (weakling DsCK)
  1939 | D:3      | Reached skill level 5 in Hexes
  2005 | D:3      | Quit the game

Vault maps used:
D:1:      ldierk_walled_garden
D:3:      first_bread, nemelex_spade_bored_becter, uniq_natasha, uniq_robin

Action                   |  1- 3 |  4- 6 || total
-------------------------+-------+-------++-------
Melee: Dagger            |    18 |       ||    18
       Short sword       |    77 |    29 ||   106
 Cast: Ensorcelled Hiber |     9 |     3 ||    12
       Corona            |       |     1 ||     1
  Use: Potion            |       |     1 ||     1
 Stab: Sleeping          |    15 |       ||    15
